[Event "5th Vera Menchik Memorial 2022"]
[Site "Prag"]
[Date "2022.06.05"]
[Round "7.13"]
[White "Vokoun, Jan"]
[Black "Pribyl, Josef"]
[Result "1/2-1/2"]
[ECO "A25"]
[WhiteElo "2056"]
[BlackElo "2217"]
[Annotator "TA"]
[PlyCount "126"]
[EventDate "2022.06.05"]
[EventType "tourn"]
[EventCountry "CZE"]
[SourceTitle "playchess.com"]
[Source "ChessBase"]
[SourceQuality "1"]
[TimeControl "720+3"]

1. c4 e5 2. Nc3 Nc6 3. g3 Bb4 4. Nd5 Bc5 5. Bg2 d6 {[%emt 0:00:02] [#]} 6. Rb1 $146 {[%emt 0:00:13] A25: English Opening vs King's Indian with ...Nc6 but without early d3.} ({Predecessor:} 6. e3 Nf6 7. a3 Nxd5 8. cxd5 Ne7 9. b4 Bb6 10. Bb2 O-O 11. Ne2 Bd7 12. f4 {1-0 (54) Ljubojevic,L (2571)-Marino Bravo,M (2165) Linares 2019}) 6... a5 {[%emt 0:00:01] Prevents b4.} 7. a3 Bf5 8. d3 Nge7 9. e3 Nxd5 10. cxd5 Ne7 11. Ne2 h5 12. h3 Qd7 13. Nc3 b5 14. b4 axb4 15. axb4 Bb6 16. Bb2 f6 17. Kd2 Kf7 18. Bf3 Bg6 19. g4 hxg4 20. hxg4 Rag8 21. Ra1 Ra8 (21... Rxh1 $11 22. Qxh1 Qc8) 22. Rxa8 $1 $14 Rxa8 23. Qb3 Kg8 24. Ra1 (24. Rh2 $14) 24... Rxa1 $11 25. Bxa1 f5 26. Qd1 f4 27. Bb2 Bf7 28. Qh1 fxe3+ 29. fxe3 Bg6 30. Qh4 Qe8 31. Qg5 Qf7 32. Be2 (32. Ke2 $1 $11) 32... Kf8 (32... c6 $1 $17) 33. Qh4 $2 {[%emt 0:00:14] [#]} (33. e4 $15) 33... Qf6 $2 (33... Bxe3+ $1 $19 34. Kc2 Kg8) 34. Qh8+ Ng8 35. Qh2 Be8 (35... Qg5 $5 36. Qf2+ Nf6 $15) 36. Qg2 $2 {[%emt 0:00:07] [#]} (36. Qg3 $11 {and White has nothing to worry.}) 36... Bd7 $2 (36... Bxe3+ $1 $19 37. Kc2 Qf4) 37. Ne4 $2 {[%emt 0:00:09] [#]} (37. Qg3 $11 {and White stays safe.}) 37... Qh4 $2 (37... Bxe3+ $1 $19 38. Kc2 Qf4) 38. Qf2+ Qxf2 39. Nxf2 Nf6 40. Bf3 Ke7 41. Ke2 Nh7 (41... Kf7 $15) 42. Bc3 Ng5 43. Bg2 g6 44. Bd2 Be8 45. Ne4 Nxe4 46. Bxe4 {[%emt 0:00:01][%mdl 4096] Endgame KBB-KBB} Kf6 47. Bf3 Bd7 48. Kf2 g5 49. Be2 c6 50. dxc6 Bxc6 51. Bf3 d5 52. Bd1 Be8 53. Bb3 Ke6 54. Kf3 Bg6 ({Better is} 54... Kd6 $11) 55. e4 $14 Kf6 56. Bxd5 {[%emt 0:00:02] Threatens to win with Bc6.} Be8 {[%emt 0:00:03] Against Bc6} 57. Be3 Bd4 58. Bxd4 (58. Bg8 $14) 58... exd4 {[%emt 0:00:01] KB-KB. The position is equal.} 59. Kg3 Ke5 60. Bb3 Bd7 61. Kf3 Be8 62. Ba2 Bd7 63. Bb3 Be8 {Weighted Error Value: White=0.34/Black=0.26 (precise)} 1/2-1/2

[Event "5th Vera Menchik Memorial 2022"]
[Site "Prag"]
[Date "2022.06.05"]
[Round "7.15"]
[White "Jedlicka, Ales"]
[Black "Pecka, Jan"]
[Result "0-1"]
[ECO "E12"]
[WhiteElo "2207"]
[BlackElo "1863"]
[Annotator "TA"]
[PlyCount "62"]
[EventDate "2022.06.05"]
[EventType "tourn"]
[EventCountry "CZE"]
[SourceTitle "playchess.com"]
[Source "ChessBase"]
[SourceQuality "1"]
[TimeControl "720+3"]

1. d4 Nf6 2. c4 e6 3. Nf3 b6 4. a3 Bb7 5. Nc3 d5 6. Bf4 c6 {[%emt 0:00:07] E12: Queen's Indian: Unusual White 4th moves, 4 a3, 4 Nc3 Bb7 5 a3 and 4 Nc3 Bb7 .} 7. e3 Bd6 8. Bg3 O-O {[%emt 0:00:03] [#] The position is equal.} 9. Bd3 $146 ({Predecessor:} 9. b4 Na6 10. c5 Bxg3 11. hxg3 bxc5 12. bxc5 Qa5 13. Qd2 Nc7 14. Bd3 Ba6 15. O-O Bxd3 16. Qxd3 {½-½ (81) Socko,M (2428)-Vijayalakshmi,S (2332) Chess.com INT 2020}) 9... Bxg3 10. hxg3 Nbd7 11. g4 {[%emt 0:00:10] Hoping for g5.} dxc4 12. Bb1 {[%emt 0:00:25] [#]} (12. Bc2 $1 $11 {keeps the balance.} g6 13. g5) 12... g6 $1 $17 13. g5 Nd5 14. Qd2 c5 {[%emt 0:00:11] Threatens to win with ...Nxc3.} 15. e4 {[%emt 0:00:06] [#]} (15. Be4 $142) 15... cxd4 $1 16. Qxd4 Nxc3 17. bxc3 Nc5 18. Qe3 f5 {[%emt 0:00:33][%cal Rb7e4] Black is more active.} 19. gxf6 Qxf6 {[%emt 0:00:03][%cal Oc5d3] aiming for ...Nd3+!} 20. Bc2 {[%emt 0:00:39] Prevents Nd3+. White does not recover from this.} (20. Ra2 $17 {was called for.}) 20... Rad8 (20... Nd3+ $142 21. Kf1 Qxc3) 21. Ng5 $2 (21. O-O) 21... Nd3+ 22. Kf1 Qxf2+ 23. Qxf2 Rxf2+ 24. Kg1 Rxc2 25. Nxh7 Nf4 26. Rh4 Rxg2+ 27. Kf1 g5 28. Nf6+ Kf7 {[%emt 0:01:11] Black mates.} 29. Rxf4 gxf4 30. Kxg2 Kxf6 31. Kf3 Ke5 {[%emt 0:00:00] Weighted Error Value: White=1.02/Black=0.40} 0-1